 Dungeon Crawl Stone Soup version 0.22-a0-283-g1871b15 (webtiles) character file.

29299 Slobodan the Fighter (level 13, -19/103 HPs)
             Began as a Mummy Artificer on Mar 19, 2018.
             Was a Priest of Yredelemnul.
             Killed from afar by a smoke demon (36 damage)
             ... with a ball of steam
             ... summoned by an orc sorcerer
             ... led by an orc warlord
             ... on level 2 of the Orcish Mines.
             The game lasted 03:23:11 (16513 turns).

Slobodan the Fighter (Mummy Artificer)             Turns: 16513, Time: 03:23:12

Health: -19/103    AC: 16    Str: 17    XL:     13   Next: 14%
Magic:  25/26      EV: 11    Int: 14    God:    Yredelemnul [***...]
Gold:   1744       SH:  5    Dex: 12    Spells: 20/30 levels left

rFire    x . .     SeeInvis +   a - +6 dagger (venom)
rCold    + . .     Gourm    .   C - +0 buckler
rNeg     + + +     Faith    .   h - +5 scale mail of Lilacs {rElec rN+ SInv Stlth+}
rPois    ∞         Spirit   .   (no helmet)
rElec    +         Reflect  .   w - +0 cloak
rCorr    .         Harm     .   o - +0 pair of gloves
MR       +....                  u - +0 pair of boots {run}
Stlth    ++........             (no amulet)
HPRegen  0.27/turn              i - ring of stealth
MPRegen  0.20/turn              m - ring of flight

@: studying Throwing, quick
A: no food or potions, fire vulnerability, cold resistance 1, negative energy
resistance 3, torment resistance, unbreathing, in touch with death 1
a: Recall Undead Slaves, Injury Mirror, Animate Dead, Renounce Religion, Evoke
Flight


You were on level 2 of the Orcish Mines.
You worshipped Yredelemnul.
Yredelemnul was most pleased with you.
You were not hungry.

You visited 4 branches of the dungeon, and saw 19 of its levels.
You also visited: Labyrinth and Ice Cave.

You collected 1782 gold pieces.
You spent 38 gold pieces at shops.

Inventory:

Hand Weapons
 a - a +6 dagger of venom (weapon)
 b - a +0 hunting sling
 p - a +2 spear of piercing
 q - a +0 spear of flaming
 v - a +5 blowgun
Missiles
 k - 139 stones (quivered)
 l - 48 sling bullets
 r - 4 needles of sleeping
 s - 34 poisoned needles
 E - a throwing net
Armour
 c - a +1 chain mail of magic resistance
 h - the +5 scale mail of Lilacs (worn) {rElec rN+ SInv Stlth+}
   (You took it off an orc warrior on level 10 of the Dungeon)

   It insulates you from electricity.
   It protects you from negative energy.
   It lets you see invisible.
   It makes you more stealthy.
 o - a +0 pair of gloves (worn)
 u - a +0 pair of boots of running (worn)
 w - a +0 cloak (worn)
 x - a +1 robe of resistance
 y - a +2 robe of magic resistance
 C - a +0 buckler (worn)
Jewellery
 i - a ring of stealth (left hand)
 m - a ring of flight (right hand)
Wands
 A - a wand of flame (1)
Scrolls
 d - 2 scrolls of amnesia
 f - 3 scrolls of identify
 g - 7 scrolls of remove curse
 j - 2 scrolls of fog
 t - a scroll of brand weapon
Books
 n - a manual of Throwing


   Skills:
 - Level 10.0 Fighting
 - Level 6.0 Short Blades
 - Level 0.3 Polearms
 - Level 6.0 Armour
 - Level 4.0 Dodging
 - Level 0.7 Stealth
 - Level 4.0 Shields
 + Level 9.4 Spellcasting
 - Level 4.0 Conjurations
 + Level 4.6 Necromancy
 * Level 8.7 Earth Magic
 - Level 6.0 Invocations
 - Level 3.0 Evocations


You had 20 spell levels left.
You knew the following spells:

 Your Spells              Type           Power        Failure   Level  Hunger
a - Passwall              Tmut/Erth      ###.......   9%          2    N/A
b - Stone Arrow           Conj/Erth      ###...       7%          3    N/A
c - Borgnjor's Vile Clut  Necr/Erth      #####.....   52%         5    N/A

Dungeon Overview and Level Annotations

Branches:
Dungeon (13/15)            Temple (1/1) D:4            Lair (3/6) D:10
  Snake (0/4) Lair:2          Orc (2/2) D:12            Elf (0/3) Orc:2
 Vaults (0/5) D:13
  Swamp: Lair:2-4    Shoals: Lair:2-4

Altars:
Ashenzari
Dithmenos
Elyvilon
Fedhas
Gozag
Hepliaklqana
Nemelex Xobeh
Okawaru
Qazlal
Sif Muna
Uskayaw
Yredelemnul

Shops:
D:7 *   Orc:2 *[

Annotations:
D:2 Sigmund
D:6 Nib's ghost, novice DsGl


Innate Abilities, Weirdness & Mutations

You do not eat or drink.
Your flesh is vulnerable to fire.
You are immune to poison.
Your flesh is cold resistant. (rC+)
You are immune to negative energy. (rN+++)
You are immune to unholy pain and torment.
You can survive without breathing.
You are in touch with the powers of death.


Message History

The orc wizard seems to speed up.
The orc sorcerer mumbles some strange words.
The orc sorcerer mumbles some strange words.
You feel troubled.
The orc wizard hits you but does no damage.
The orc sorcerer mumbles some strange words.
The warg barely misses you.
The orc warlord roars a battlecry!
The orc warrior goes into a battle-frenzy!
The orc wizard casts a spell.
The orc wizard blinks!
The smoke demon gestures at you. The sticky flame misses you.
The orc wizard gestures at you while chanting.
The magic dart hits you!
* * * LOW HITPOINT WARNING * * *
The smoke demon gestures at you. The ball of steam hits you!
The steam scalds you terribly!
You die...
Yredelemnul claims you as an undead slave.

#.#.[.......#.[..#.##
[.......)...........#
........[........#.##
##................##
.##................##
.......#............#
...........[...)<..##
#...................#
................@..##
..#............§h...#
..........o...§.....#
..............§.....#
.............3.oo..##
............oo#...##
.............4.ooo.#
..........4.......##
............#.#o..#


You could see an ice devil, a rust devil, a smoke demon, a warg, an orc
sorcerer, 6 orc warriors and an orc wizard.

Vanquished Creatures
  Rupert (D:12)
  Fannar (Lair:1)
  A hydra (D:12)
  3 two-headed ogres
  2 orc high priests
  3 unseen horrors
  An orc knight (Orc:1)
  2 cyclopes
  A manticore (D:12)
  Joseph (D:9)
  Psyche (D:8)
  A rime drake (Lair:2)
  2 freezing wraiths
  A komodo dragon (Orc:2)
  A troll (Orc:1)
  3 hornets
  3 hippogriffs
  A wyvern (D:9)
  2 basilisks
  2 vampires
  23 yaks
  3 vampire mosquitoes (D:12)
  A death yak simulacrum (IceCv)
  4 wargs
  5 water moccasins
  2 porcupines (Lair:1)
  A black bear (Lair:2)
  5 ice beasts (IceCv)
  14 orc warriors
  7 sky beasts
  2 ogres
  A necrophage (D:8)
  2 phantoms
  2 centaurs
  4 crocodiles
  3 wolves (Lair:1)
  A gnoll sergeant (D:9)
  10 bullfrogs
  A wyvern zombie (D:10)
  A scorpion (D:6)
  7 killer bees
  3 howler monkeys (D:7)
  4 jellies
  A quasit (D:7)
  A bullfrog zombie (D:12)
  2 crimson imps
  4 hounds
  12 orc priests
  A bullfrog skeleton (D:8)
  3 centaur skeletons
  Jessica (D:3)
  3 iguanas
  Terence (D:2)
  22 orc wizards
  10 worker ants
  A hound skeleton (D:7)
  A worker ant zombie (D:8)
  2 howler monkey zombies
  7 gnolls
  9 adders
  3 shadow imps
  5 white imps (IceCv)
  2 oozes (D:1)
  2 worms
  4 dart slugs
  8 leopard geckos
  50 orcs
  5 giant cockroaches
  4 goblins
  6 hobgoblins
  4 jackals
  7 kobolds
  4 quokkas
  7 bats
  4 frilled lizards
  2 quokka skeletons
  2 rats
  A fungus (D:2)
340 creatures vanquished.

Vanquished Creatures (collateral kills)
  A stone giant (Orc:2)
  A two-headed ogre (Orc:2)
  An unseen horror (D:12)
  A cyclops (Orc:1)
  A manticore (D:12)
  Maurice (D:10)
  A centaur skeleton (D:12)
  A freezing wraith (IceCv)
  A troll (D:12)
  A shadow (D:12)
  5 yaks
  A basilisk (Lair:2)
  A vampire mosquito (D:12)
  A hungry ghost (D:11)
  2 wargs (Orc:1)
  2 nagas (Lair:2)
  A soldier ant (D:9)
  An acid dragon (D:10)
  A water moccasin (Lair:2)
  10 orc warriors
  A porcupine (Lair:2)
  6 ogres
  A swamp drake (D:12)
  2 phantoms (D:7)
  2 crocodiles
  A big kobold (D:12)
  2 bullfrogs
  A scorpion (D:7)
  A crimson imp (D:12)
  A quasit (D:9)
  A jelly (D:7)
  3 orc wizards
  2 orc priests
  2 polar bear simulacra (IceCv)
  2 worker ants
  An adder (D:7)
  3 gnolls
  2 shadow imps
  17 orcs
  A giant cockroach (D:6)
  A goblin (D:3)
  A jackal (D:11)
  2 kobolds (D:12)
  A rat (D:3)
92 creatures vanquished.

Vanquished Creatures (others)
  9 flying skulls
  A wraith (Orc:1)
  2 yaks (D:12)
  A vampire (Orc:2)
  An alligator simulacrum (IceCv)
  2 manticore zombies (D:12)
  A hornet zombie (D:9)
  A vampire mosquito zombie (D:12)
  2 hippogriff zombies
  A cyclops zombie (D:10)
  3 warg zombies
  3 water moccasin zombies
  15 yak zombies
  A wight (D:12)
  A wolf zombie (Lair:1)
  5 bullfrog zombies
  2 human zombies
  A basilisk zombie (D:10)
  A porcupine zombie (Lair:1)
  3 killer bee zombies (D:11)
  A big kobold zombie (D:12)
  2 ogre zombies
  A sky beast zombie (D:12)
  A hound zombie (D:12)
  A mummy (D:12)
  A howler monkey zombie (D:7)
  4 worker ant zombies
  4 adder zombies
  An iguana zombie (D:6)
  32 orc zombies
  3 orcs
  3 gnoll zombies (D:9)
  A jackal (D:1)
  A jackal zombie (D:11)
  An orc skeleton (D:8)
  26 fungi
139 creatures vanquished.

Grand Total: 571 creatures vanquished

Notes
Turn   | Place    | Note
-------+----------+-------------------------------------------
     0 | D:1      | Slobodan the Mummy Artificer began the quest for the Orb.
     0 | D:1      | Reached XP level 1. HP: 15/15 MP: 2/2
    48 | D:1      | Reached skill level 1 in Short Blades
    83 | D:1      | Reached XP level 2. HP: 21/21 MP: 3/3
   395 | D:1      | Reached XP level 3. HP: 16/26 MP: 4/4
   673 | D:3      | Found a shadowy altar of Dithmenos.
   779 | D:3      | Noticed Jessica
   877 | D:3      | Killed Jessica
   877 | D:3      | Reached skill level 2 in Fighting
   877 | D:3      | Reached XP level 4. HP: 33/33 MP: 6/6
   992 | D:4      | Found a staircase to the Ecumenical Temple.
   997 | Temple   | Entered the Ecumenical Temple
  1015 | Temple   | Became a worshipper of Yredelemnul the Dark
  1148 | D:4      | Noticed a phantom
  1222 | D:3      | Reached skill level 3 in Fighting
  1258 | D:4      | Noticed an ogre
  1267 | D:4      | Noticed a centaur
  1281 | D:4      | Killed an ogre
  1281 | D:4      | Reached XP level 5. HP: 42/42 MP: 7/7
  1318 | D:4      | Killed a phantom
  1318 | D:4      | Reached skill level 4 in Fighting
  1363 | D:4      | Reached XP level 6. HP: 49/49 MP: 8/8
  1391 | D:4      | Found a deep blue altar of Sif Muna.
  1513 | D:5      | Entered Level 5 of the Dungeon
  1669 | D:5      | Reached * piety under Yredelemnul
  1669 | D:5      | Reached skill level 5 in Fighting
  2142 | D:2      | Noticed Sigmund
  2168 | D:2      | Noticed Terence
  2176 | D:2      | Killed Terence
  2401 | D:3      | Found a shattered altar of Ashenzari.
  2580 | D:5      | Reached skill level 6 in Fighting
  2757 | D:5      | Found an opulent altar of Gozag.
  2811 | D:5      | Reached skill level 1 in Armour
  2811 | D:5      | Reached XP level 7. HP: 40/59 MP: 9/9
  3419 | D:6      | Reached skill level 7 in Fighting
  3572 | D:6      | Reached XP level 8. HP: 39/67 MP: 10/10
  3572 | D:6      | Reached ** piety under Yredelemnul
  3721 | D:6      | Found a white marble altar of Elyvilon.
  3744 | D:6      | Noticed Nib's ghost (novice DsGl)
  3800 | D:7      | Found Kulek's General Store.
  3807 | D:7      | Bought a scroll of magic mapping for 38 gold pieces
  3835 | D:7      | Reached skill level 1 in Invocations
  3968 | D:6      | Found a sparkling altar of Nemelex Xobeh.
  4365 | D:7      | Reached skill level 8 in Fighting
  4867 | D:8      | Reached XP level 9. HP: 66/74 MP: 11/11
  5029 | D:8      | Found a stormy altar of Qazlal.
  5065 | D:8      | Noticed Psyche
  5078 | D:8      | Killed Psyche
  5263 | D:9      | Noticed Joseph
  5401 | D:9      | Found a hazy altar of Hepliaklqana.
  5936 | D:9      | Reached skill level 5 in Armour
  6015 | D:9      | Killed Joseph
  6015 | D:9      | Reached skill level 9 in Fighting
  6160 | D:9      | Reached skill level 5 in Invocations
  6529 | D:9      | Your ally Joseph died
  6594 | D:9      | Found an iron altar of Okawaru.
  6594 | D:9      | Found a blossoming altar of Fedhas.
  6650 | D:10     | Entered Level 10 of the Dungeon
  6785 | D:10     | Found a staircase to the Lair.
  6828 | D:9      | Reached XP level 10. HP: 67/83 MP: 11/13
  6997 | D:10     | Found a hide-covered altar of Uskayaw.
  7018 | D:10     | Noticed a cyclops
  7230 | Lair:1   | Entered Level 1 of the Lair of Beasts
  7338 | Lair:1   | Noticed Fannar
  7910 | D:10     | Killed an unseen horror
  8021 | D:10     | Reached skill level 10 in Fighting
  8031 | D:10     | Noticed Maurice
  8123 | D:10     | Noticed a rakshasa
  8126 | D:10     | Noticed a centaur warrior
  8326 | Lair:1   | Identified the +1 robe "Ogeekk" {Dex+4} (You found it on level 1 of the Lair of Beasts)
  8393 | Lair:2   | Reached skill level 5 in Short Blades
  8666 | Lair:2   | Found a labyrinth entrance.
  8689 | Lab      | Entered a labyrinth
  8870 | Lab      | Noticed a minotaur
  8899 | Lab      | Identified the Guide on the Mountains
  8920 | Lair:2   | Identified a +0 pair of boots of running (You found it in a labyrinth)
  8924 | Lair:2   | Learned a level 2 spell: Passwall
  8928 | Lair:2   | Learned a level 3 spell: Stone Arrow
  8954 | Lair:2   | Found a staircase to the Snake Pit.
  8979 | Lair:2   | Reached skill level 1 in Earth Magic
  9105 | Lair:3   | Noticed a spiny frog
  9105 | Lair:3   | Noticed a seven-headed hydra
  9145 | Lair:3   | Noticed an eight-headed hydra
  9145 | Lair:3   | Noticed a five-headed hydra
  9243 | Lair:1   | Reached *** piety under Yredelemnul
  9423 | Lair:1   | Reached XP level 11. HP: 81/90 MP: 15/15
  9437 | Lair:1   | Reached skill level 1 in Conjurations
  9587 | Lair:1   | Killed Fannar
 10008 | D:10     | Noticed a two-headed ogre
 10028 | D:10     | Killed a two-headed ogre
 10151 | D:10     | Killed Maurice
 10183 | D:10     | Reached skill level 1 in Spellcasting
 10226 | D:10     | Your ally Maurice died
 10649 | D:11     | Reached skill level 5 in Earth Magic
 11143 | D:10     | Identified the +5 scale mail of Lilacs {rElec rN+ SInv Stlth+} (You took it off an orc warrior on level 10 of the Dungeon)
 11370 | D:11     | Reached **** piety under Yredelemnul
 11671 | D:11     | Noticed a two-headed ogre
 11687 | D:11     | Killed a two-headed ogre
 11687 | D:11     | Reached skill level 1 in Shields
 11706 | D:11     | Noticed an unseen horror
 11814 | D:11     | Found Zyema's Weapon Boutique.
 11815 | D:11     | Noticed an unseen horror
 11819 | D:11     | Killed an unseen horror
 11840 | D:11     | Reached skill level 5 in Spellcasting
 11887 | D:11     | Killed an unseen horror
 12030 | D:12     | Received a gift from Yredelemnul (a wight)
 12047 | D:12     | Found a frozen archway.
 12067 | D:12     | Reached XP level 12. HP: 84/97 MP: 20/20
 12195 | IceCv    | Entered an ice cave
 12515 | IceCv    | Received a gift from Yredelemnul (4 flying skulls)
 12583 | IceCv    | Learned a level 5 spell: Borgnjor's Vile Clutch
 12955 | D:12     | Noticed a five-headed hydra
 12962 | D:12     | Killed a five-headed hydra
 12962 | D:12     | Reached skill level 1 in Necromancy
 13002 | D:12     | Reached ***** piety under Yredelemnul
 13266 | D:12     | Received a gift from Yredelemnul (a mummy)
 13325 | D:12     | Noticed Rupert
 13522 | D:13     | Found a gate to the Vaults.
 13522 | D:13     | Noticed a vault guard
 13522 | D:13     | Noticed a vault guard
 13522 | D:13     | Noticed a vault guard
 13522 | D:13     | Noticed a vault guard
 13522 | D:13     | Noticed a vault guard
 13523 | D:13     | Noticed a vault guard
 13572 | D:12     | Killed Rupert
 14013 | D:12     | Received a gift from Yredelemnul (a wraith)
 14041 | D:12     | Found a staircase to the Orcish Mines.
 14112 | Orc:1    | Entered Level 1 of the Orcish Mines
 14112 | Orc:1    | Noticed an orc high priest
 14606 | Orc:1    | Killed an orc high priest
 14918 | Orc:1    | Received a gift from Yredelemnul (5 flying skulls)
 15050 | Orc:2    | Entered Level 2 of the Orcish Mines
 15059 | Orc:2    | Noticed a two-headed ogre
 15065 | Orc:2    | Killed a two-headed ogre
 15068 | Orc:2    | Noticed a stone giant
 15083 | Orc:2    | Killed a stone giant
 15129 | Orc:2    | Found a staircase to the Elven Halls.
 15165 | Orc:2    | Received a gift from Yredelemnul (a vampire)
 15225 | Orc:2    | Noticed an orc warlord
 15239 | Orc:1    | Gained mutation: You are in touch with the powers of death. [Mummy growth]
 15239 | Orc:1    | Reached XP level 13. HP: 101/103 MP: 4/26
 15702 | Orc:2    | Noticed an orc warlord
 16172 | Orc:2    | Found Idycasm's Antique Armour Emporium.
 16304 | Orc:2    | Found Serph's General Store.
 16513 | Orc:2    | Killed from afar by a smoke demon

Vault maps used:
D:1:      tarquinn_simple_flora_water_d, minmay_misc_feat_columns
D:2:      first_ration, minmay_gold_behind_fungi, uniq_sigmund, uniq_terence
D:3:      nicolae_dithmenos_through_a_glass_darkly, ashenzari_altar_1,
          uniq_jessica
D:4:      lemuel_round_altar, minmay_temple_entry_nine_rooms
D:5:      minmay_ruined_shrine
D:6:      kennysheep_mini, elyvilon_altar_1, lemuel_crystal_altar
D:7:      serial_shops, nicolae_shop_behind_doors
D:8:      nicolae_qazlal_general_emergency, uniq_psyche
D:9:      gammafunk_temple_overflow_pools, nicolae_overflow_crystal_walls,
          hangedman_pestilent_swarm, uniq_joseph
D:10:     minmay_the_grid_octo_tiled_squarecenter, uniq_maurice
D:11:     serial_shops, shop
D:12:     erik_orc_1, portal_ice_cave_entry_pillars_2, uniq_rupert
D:13:     erik_vaults_2, minmay_beelzebubs_servants
Temple:   nicolae_temple_figure_eight
Lair:1:   uniq_fannar
Lair:2:   guppyfry_snake_entry_island, lab_entry_generic, serial_bayou_pond_b
Lair:3:   bobbens_dragon_lair_wall, uniq_sonja
Orc:1:    abandoned_shop
Orc:2:    grunt_orc_gardens, grunt_orc_garden, grunt_orc_garden,
          grunt_orc_garden, grunt_orc_garden
Lab:      nicolae_lab_dead_adventurers
IceCv:    ice_cave_small_necro

Skill      XL: |  1  2  3  4  5  6  7  8  9 10 11 12 |
---------------+-------------------------------------+-----
Short Blades   | 1 2 4 6 |  6.0
Dodging        | 2 4 |  4.0
Fighting       | 2 3 4 6 7 8 9 10 | 10.0
Evocations     | 3 |  3.0
Armour         | 1 2 4 5 6 |  6.0
Invocations    | 3 5 6 |  6.0
Earth Magic    | 2 6 8 |  8.7
Conjurations   | 3 4 |  4.0
Spellcasting   | 5 9 |  9.4
Shields        | 2 4 |  4.0
Necromancy     | 4 |  4.6
Polearms       | |  0.3
Stealth        | |  0.7

Action                   |  1- 3 |  4- 6 |  7- 9 | 10-12 | 13-15 || total
-------------------------+-------+-------+-------+-------+-------++-------
Melee: Short sword       |    19 |       |       |       |       ||    19
       Spear             |    26 |    28 |     9 |     9 |       ||    72
       Dagger            |    32 |    88 |   278 |   879 |    53 ||  1330
       Hunting sling     |       |       |     1 |       |       ||     1
 Fire: Hunting sling     |    33 |    89 |   127 |   144 |     4 ||   397
       Blowgun           |       |       |     6 |     2 |       ||     8
 Cast: Stone Arrow       |       |       |       |    22 |    29 ||    51
Invok: Animate Remains   |       |       |    23 |    16 |       ||    39
       Injury Mirror     |       |       |     4 |     3 |     2 ||     9
       Recall Undead Sla |       |       |     2 |     2 |     1 ||     5
       Animate Dead      |       |       |       |    44 |     5 ||    49
       Drain Life        |       |       |       |    10 |       ||    10
Evoke: Wand              |    11 |    31 |     8 |    68 |    13 ||   131
  Use: Scroll            |       |     4 |    10 |    13 |     3 ||    30
 Stab: Sleeping          |     1 |       |       |       |       ||     1
       Confused          |       |       |       |     2 |       ||     2
       Distracted        |       |       |       |     5 |       ||     5
Armor: Leather armour    |    12 |       |       |       |       ||    12
       Chain mail        |     5 |    42 |   157 |   155 |       ||   359
       Scale mail        |       |    17 |       |   192 |    30 ||   239
       Robe              |       |       |       |     8 |       ||     8
Dodge: Dodged            |    44 |    43 |   108 |   353 |    37 ||   585
Block: Buckler           |       |       |       |    57 |    11 ||    68

Table legend:
 A = Spawn XP
 B = Non-spawn XP
 C = Spawn XP percentage of total XP
 D = Spawn monster count
 E = Non-spawn monster count
 F = Spawn count percentage of total count
 G = Total turns spent on level
                    A         B        C        D         E        F      G
               +---------+---------+-------+---------+---------+-------+---------
         Total |       0 |   41856 |   0.0 |       0 |     431 |   0.0 | 16513
               +---------+---------+-------+---------+---------+-------+---------
           D:1 |       0 |      66 |   0.0 |       0 |      28 |   0.0 |   680
           D:2 |       0 |      55 |   0.0 |       0 |      10 |   0.0 |   389
           D:3 |       0 |      79 |   0.0 |       0 |      12 |   0.0 |   595
           D:4 |       0 |     363 |   0.0 |       0 |      13 |   0.0 |   563
           D:5 |       0 |     540 |   0.0 |       0 |      21 |   0.0 |   939
           D:6 |       0 |     505 |   0.0 |       0 |      19 |   0.0 |   553
           D:7 |       0 |     831 |   0.0 |       0 |      16 |   0.0 |   883
           D:8 |       0 |    1159 |   0.0 |       0 |      20 |   0.0 |   956
           D:9 |       0 |    2693 |   0.0 |       0 |      33 |   0.0 |  2612
          D:10 |       0 |    3850 |   0.0 |       0 |      30 |   0.0 |  1134
          D:11 |       0 |    5264 |   0.0 |       0 |      41 |   0.0 |   881
          D:12 |       0 |   11977 |   0.0 |       0 |      73 |   0.0 |  1997
        Lair:1 |       0 |    3274 |   0.0 |       0 |      18 |   0.0 |   882
        Lair:2 |       0 |    1602 |   0.0 |       0 |      13 |   0.0 |   563
         Orc:1 |       0 |    4073 |   0.0 |       0 |      36 |   0.0 |  1328
         Orc:2 |       0 |    4186 |   0.0 |       0 |      33 |   0.0 |   612
         IceCv |       0 |    1339 |   0.0 |       0 |      15 |   0.0 |   483
               +---------+---------+-------+---------+---------+-------+---------
